 Dungeon Sprint DCSS version 0.19.0-24-gb05acd6 (webtiles) character file.

12600000 igo the Conqueror (level 27, -138/273 HPs)
             Began as a Ghoul Warper on Nov 22, 2016.
             Was the Champion of Makhleb.
             Annihilated by a fleshlord
             ... wielding a +9 great mace
              (411 damage)
             ... in the Dungeon (Sprint VIII: "Arena of Blood").
             The game lasted 00:03:34 (126 turns).

igo the Conqueror (Ghoul Warper)                     Turns: 126, Time: 00:03:35

Health: -138/273   AC:  6    Str: 22    XL:     27
Magic:  32/53      EV: 25    Int: 12    God:    Makhleb [******]
Gold:   0          SH:  0    Dex: 10    Spells: 0 memorised, 80 levels left

rFire  . . .     SeeInvis +     l - +∞ Axe of Woe
rCold  + . .     Gourm    .     b - +0 leather armour
rNeg   + + +     Faith    .     (shield currently unavailable)
rPois  ∞         Spirit   .     (no helmet)
rElec  .         Reflect  .     (no cloak)
rCorr  .         Harm     .     (no gloves)
MR     ++...     NoTele   +     (no boots)
Stlth  +++++++++.               (no amulet)
                                (no ring)
                                m - ring of see invisible

@: rotting, slowed, very slow
A: rotting body, claws 1, carnivore 3, cold resistance 1, negative energy
resistance 3, slow regeneration 1, torment resistance, unbreathing
a: Minor Destruction, Lesser Servant of Makhleb, Major Destruction, Greater
Servant of Makhleb, Renounce Religion


You were in the Dungeon.
You worshipped Makhleb.
Makhleb was exalted by your worship.
You were not hungry.

You visited 1 branch

Inventory:

Hand Weapons
 a - a +0 hand axe
 l - the +∞ Axe of Woe (weapon)
   (You found it in the Dungeon)
Missiles
 e - 5 tomahawks of dispersal (quivered)
Armour
 b - a +0 leather armour (worn)
Jewellery
 m - a ring of see invisible (left claw)
Scrolls
 d - 2 scrolls of blinking
Potions
 g - a potion of curing
 h - a potion of heal wounds
 i - a potion of haste
 j - 2 potions of magic
 k - a potion of berserk rage
Books
 c - a book of Spatial Translocations

   Spells                             Type                      Level
   a - Blink                          Translocation                2
   b - Shroud of Golubria             Charms/Translocation         2
   c - Lesser Beckoning               Translocation                3
   d - Portal Projectile              Translocation                3
   e - Teleport Other                 Translocation                3
   f - Passage of Golubria            Translocation                4
Comestibles
 f - a meat ration


   Skills:
 O Level 27 Fighting
 O Level 27 Axes
 O Level 27 Throwing
 O Level 27 Armour
 O Level 27 Dodging
 O Level 27 Stealth
 O Level 27 Unarmed Combat
 O Level 27 Spellcasting
   Level 2.6 Translocations
 O Level 27 Invocations


You had 80 spell levels left.
You didn't know any spells.

Dungeon Overview and Level Annotations

Branches:
Dungeon (1/1)

Altars:
Makhleb

Annotations:
D The Servant


Innate Abilities, Weirdness & Mutations

Your body is rotting away.
You thrive on raw meat.
You are immune to poison.
You have sharp fingernails.
You are carnivorous and can eat meat at any time.
Your flesh is cold resistant. (rC+)
You are immune to negative energy. (rN+++)
You regenerate slowly when monsters are visible.
You are immune to unholy pain and torment.
You can survive without breathing.


Message History

The blast of poison engulfs you! You resist.
You hear a shout! 2 orcs, an ogre and a hell beast come into view.
An ogre, a crawling corpse and a skeletal warrior come into view.
You hear a shout! x11
The destroyer blinks!
The scourge throws poison at you. The bolt of poison misses you.
You hear a shout! x2
An orc, a hell beast and a lich come into view. 2 orcs and a hell knight come into view.
The meat berserker rages.
You hear a shout! x2
The Servant is engulfed in poison gas.
The Servant is poisoned.
The large bag of meat is engulfed in poison gas.
The large bag of meat is poisoned.
The fleshlord moves out of view.
You hear a shout! x2
The fleshlord hits you with a +9 great mace!!!!!!
Ouch! That really hurt!
You die...

.....%.%x)))........##
.....%##)##)#####.....
..%.........))).......
###.....##.##)))......
........x.§§§§o)......
.........§#§#§)..2..#.
..§%O...)%V§§x%...###
#......)..S§COz%.§...
.#V...%).)@.@.%......
........)p))o.%.......
........)).)..o.......
.....#...))..#O......
.....#...)...#..o....
...###.......###GLo.
........###.zooOoC.
......._..%o.....
....#.....#......


You could see a meat beast (wandering), a tyrant (wandering), The Servant, a
destroyer, an observer (wandering), a scourge, a fleshlord, 2 sculptors of
flesh, 2 large bags of meat, 3 meat berserkers, 6 bags of meat and 2 crawling
corpses.

Vanquished Creatures
  8 hell beasts (D)
  Edmund (D)
  4 greater mummies (D)
  4 great orbs of eyes (D)
  A wraith (D)
  14 vampire knights (D)
  31 ogres (D)
  4 liches (D)
  53 orcs (D)
  7 phantoms (D)
  7 hill giants (D)
  4 skeletal warriors (D)
  A sea snake (D)
  7 large abominations (D)
  6 small abominations (D)
  7 crawling corpses (D)
159 creatures vanquished.

Vanquished Creatures (others)
  4 crawling corpses (D)
4 creatures vanquished.

Grand Total: 163 creatures vanquished

Notes
Turn   | Place    | Note
-------+----------+-------------------------------------------
     0 | D        | igo the Ghoul Warper began the quest for the Orb.
     0 | D        | Reached XP level 1. HP: 17/17 MP: 2/2
     4 | D        | Became a worshipper of Makhleb the Destroyer
     7 | D        | Noticed a meat berserker
     7 | D        | Noticed a bag of meat
     9 | D        | Noticed a bag of meat
     9 | D        | Noticed a meat berserker
    10 | D        | Killed a meat berserker
    10 | D        | Reached skill level 5 in Throwing
    10 | D        | Reached skill level 15 in Spellcasting
    10 | D        | Reached XP level 2. HP: 51/51 MP: 2/17
    10 | D        | Reached XP level 3. HP: 58/58 MP: 2/19
    10 | D        | Reached XP level 4. HP: 66/66 MP: 2/20
    10 | D        | Reached XP level 5. HP: 73/73 MP: 2/22
    10 | D        | Reached XP level 6. HP: 81/81 MP: 2/23
    10 | D        | Reached XP level 7. HP: 88/88 MP: 2/25
    10 | D        | Reached XP level 8. HP: 95/95 MP: 2/26
    10 | D        | Reached XP level 9. HP: 103/103 MP: 2/27
    10 | D        | Reached XP level 10. HP: 111/111 MP: 2/28
    10 | D        | Reached XP level 11. HP: 117/117 MP: 2/29
    10 | D        | Reached XP level 12. HP: 125/125 MP: 2/30
    10 | D        | Reached XP level 13. HP: 132/132 MP: 2/31
    11 | D        | Noticed a bag of meat
    11 | D        | Noticed a bag of meat
    11 | D        | Noticed a bag of meat
    11 | D        | Noticed a bag of meat
    12 | D        | Noticed a bag of meat
    12 | D        | Noticed a meat berserker
    13 | D        | Noticed a bag of meat
    13 | D        | Noticed a bag of meat
    13 | D        | Killed a meat berserker
    13 | D        | Reached * piety under Makhleb
    13 | D        | Reached skill level 5 in Armour
    13 | D        | Reached XP level 14. HP: 112/147 MP: 2/35
    14 | D        | Noticed a large bag of meat
    14 | D        | Noticed a bag of meat
    14 | D        | Noticed a bag of meat
    14 | D        | Noticed a bag of meat
    14 | D        | Noticed a bag of meat
    14 | D        | Killed a bag of meat
    14 | D        | Reached XP level 15. HP: 119/157 MP: 3/37
    16 | D        | Killed a meat berserker
    16 | D        | Reached XP level 16. HP: 96/170 MP: 3/39
    16 | D        | Reached ** piety under Makhleb
    17 | D        | Noticed a meat berserker
    17 | D        | Reached XP level 17. HP: 181/184 MP: 3/42
    17 | D        | Reached *** piety under Makhleb
    18 | D        | Reached skill level 27 in Fighting
    18 | D        | Reached XP level 18. HP: 200/200 MP: 4/45
    19 | D        | Noticed a meat berserker
    19 | D        | Reached **** piety under Makhleb
    19 | D        | Reached skill level 10 in Throwing
    19 | D        | Reached skill level 27 in Axes
    19 | D        | Reached XP level 19. HP: 207/207 MP: 4/48
    20 | D        | Noticed a destroyer
    20 | D        | Killed a large bag of meat
    20 | D        | Reached skill level 27 in Spellcasting
    21 | D        | Reached ***** piety under Makhleb
    21 | D        | Reached skill level 10 in Armour
    21 | D        | Reached skill level 27 in Dodging
    21 | D        | Reached skill level 15 in Throwing
    21 | D        | Reached XP level 20. HP: 216/216 MP: 4/50
    22 | D        | Noticed a meat berserker
    22 | D        | Noticed a large bag of meat
    23 | D        | Noticed a large bag of meat
    23 | D        | Killed a meat berserker
    23 | D        | Reached skill level 27 in Throwing
    23 | D        | Reached XP level 21. HP: 224/224 MP: 5/51
    24 | D        | Noticed a meat berserker
    24 | D        | Killed a meat berserker
    24 | D        | Reached ****** piety under Makhleb
    24 | D        | Reached skill level 27 in Armour
    24 | D        | Reached skill level 10 in Stealth
    25 | D        | Noticed a meat berserker
    25 | D        | Killed a destroyer
    25 | D        | Reached XP level 22. HP: 233/233 MP: 5/52
    27 | D        | Reached skill level 27 in Stealth
    27 | D        | Reached XP level 23. HP: 240/240 MP: 6/53
    28 | D        | Reached skill level 27 in Unarmed Combat
    28 | D        | Reached skill level 27 in Invocations
    29 | D        | Noticed a destroyer
    29 | D        | Reached XP level 24. HP: 249/249 MP: 6/53
    30 | D        | Noticed a destroyer
    32 | D        | Killed a destroyer
    32 | D        | Reached XP level 25. HP: 257/257 MP: 7/53
    36 | D        | Killed a destroyer
    38 | D        | Noticed a destroyer
    38 | D        | Noticed a destroyer
    46 | D        | Killed a destroyer
    46 | D        | Reached XP level 26. HP: 266/266 MP: 11/53
    47 | D        | Noticed a destroyer
    48 | D        | Noticed a destroyer
    49 | D        | Noticed a destroyer
    51 | D        | Killed a destroyer
    51 | D        | Reached XP level 27. HP: 273/273 MP: 13/53
    52 | D        | Killed a destroyer
    53 | D        | Killed a destroyer
    55 | D        | Noticed an accursed
    57 | D        | Noticed a tyrant
    58 | D        | Noticed a tyrant
    60 | D        | Noticed an accursed
    62 | D        | Noticed a destroyer
    62 | D        | Killed a destroyer
    64 | D        | Killed a destroyer
    66 | D        | Killed an accursed
    69 | D        | Killed an accursed
    72 | D        | Noticed a meat beast
    73 | D        | Noticed a dread
    76 | D        | Killed a tyrant
    77 | D        | Killed a meat beast
    77 | D        | Killed a tyrant
    79 | D        | Noticed a destroyer
    79 | D        | Killed a destroyer
    82 | D        | Killed a dread
    85 | D        | Noticed a destroyer
    85 | D        | Noticed a meat beast
    85 | D        | Noticed a destroyer
    86 | D        | Noticed an accursed
    87 | D        | Noticed a meat beast
    89 | D        | Noticed a meat beast
    90 | D        | Noticed a meat beast
    90 | D        | Killed a meat beast
    92 | D        | Noticed a meat beast
    92 | D        | Killed a destroyer
    92 | D        | Killed a destroyer
    94 | D        | Killed a meat beast
    96 | D        | Noticed a meat beast
    97 | D        | Noticed a tyrant
    97 | D        | Killed a meat beast
    97 | D        | Killed an accursed
    98 | D        | Killed a meat beast
    99 | D        | Noticed an accursed
   101 | D        | Noticed The Defiler
   101 | D        | Killed a meat beast
   102 | D        | Killed a meat beast
   107 | D        | Noticed a destroyer
   107 | D        | Noticed a destroyer
   107 | D        | Killed an accursed
   108 | D        | Noticed a meat beast
   109 | D        | Noticed a tyrant
   109 | D        | Killed a tyrant
   109 | D        | Killed The Defiler
   111 | D        | Noticed The Servant
   113 | D        | Killed a destroyer
   115 | D        | Killed a meat beast
   120 | D        | Killed a tyrant
   121 | D        | Noticed a fleshlord
   122 | D        | Noticed a destroyer
   123 | D        | Killed a destroyer
   125 | D        | Noticed a meat beast
   126 | D        | Noticed a tyrant
   126 | D        | Noticed a meat beast
   126 | D        | Noticed a fleshlord
   126 | D        | Annihilated by a fleshlord

Skill      XL: |  1  2  3  4  5  6  7  8  9 10 11 12 13 14 15 16 17 18 19 20 21 22 23 |
---------------+----------------------------------------------------------------------+-----
Fighting       | 17 19 20 22 24 27 | 27.0
Axes           | 14 17 18 19 22 24 27 | 27.0
Throwing       | 5 6 7 8 9 10 20 27 | 27.0
Armour         | 4 5 6 7 9 16 22 27 | 27.0
Dodging        | 14 16 17 18 20 22 24 27 | 27.0
Spellcasting   | 15 18 19 20 22 24 26 27 | 27.0
Stealth        | 18 27 | 27.0
Unarmed Combat | 16 24 27 | 27.0
Invocations    | 16 24 27 | 27.0
Translocations | |  2.6

Action                   |  1- 3 |  4- 6 |  7- 9 | 10-12 | 13-15 | 16-18 | 19-21 | 22-24 | 25-27 || total
-------------------------+-------+-------+-------+-------+-------+-------+-------+-------+-------++-------
Melee: Executioner's axe |     1 |       |       |       |     3 |     3 |     6 |     5 |    63 ||    81
Armor: Leather armour    |       |       |       |       |       |       |       |       |     1 ||     1
Dodge: Dodged            |       |       |       |       |       |       |       |       |     8 ||     8
